 Dungeon Crawl Stone Soup version 0.32-a0-441-gaf4921d101 (webtiles) character file.

Game seed: 16435077523342363422

687 Morbidden the Shooter (level 7, -3/53 HPs)
             Began as a Formicid Hunter on Feb 23, 2024.
             Was a Follower of Cheibriados.
             Slain by a gnoll
             ... wielding a +0 halberd
             ... led by a gnoll bouda
              (9 damage)
             ... on level 6 of the Dungeon.
             The game lasted 00:04:00 (4275 turns).

Morbidden the Shooter (Formicid Hunter)             Turns: 4275, Time: 00:04:01

Health: -3/53      AC: 10    Str: 17    XL:     7   Next: 94%
Magic:  8/8        EV:  8    Int: 11    God:    Cheibriados [*.....]
Gold:   376        SH:  0    Dex: 18    Spells: 6/6 levels left

rFire   . . .        b - +0 dagger (venom)
rCold   . . .        (no shield)
rNeg    . . .        l - +0 chain mail
rPois   +            (helmet unavailable)
rElec   .            (no cloak)
rCorr   .            (no gloves)
SInv    +            i - +0 pair of boots
Will    .....        w - amulet "Fiatou" {Reflect rPois Will- Regen+ Dex-3 SH+5} Stlth
                     (no ring)
HPRegen 1.08/turn    (no ring)
MPRegen 0.11/turn

%: reflection
@: confused, very slow
A: permanent stasis, dig shafts and tunnels, antennae 3, four strong arms
a: Dig, Shaft Self, Renounce Religion, Bend Time


You were on level 6 of the Dungeon.
You worshipped Cheibriados.
Cheibriados was aware of your devotion.
You visited 2 branches of the dungeon, and saw 7 of its levels.

You collected 376 gold pieces.

Inventory:

Hand Weapons
 a - a +0 shortbow
 b - a +0 dagger of venom (weapon)
Missiles
 k - 3 throwing nets
Armour
 i - a +0 pair of boots (worn)
 l - a +0 chain mail (worn)
Jewellery
 o - an amulet of guardian spirit
 w - the amulet "Fiatou" (around neck) {Reflect rPois Will- Regen+ Dex-3 SH+5}
   (You found it on level 5 of the Dungeon)

   [amulet of reflection]

   Reflect:   It reflects blocked missile attacks.
   Dex-3:     It affects your dexterity (-3).
   rPois:     It protects you from poison Will-: It decreases your willpower.
   Regen+:    It increases your rate of health regeneration.
   SH+5:      It affects your SH (+5).
Wands
 j - a wand of iceblast (12)
 m - a wand of charming (12)
 u - a wand of flame (13)
Scrolls
 c - a scroll of vulnerability {unknown}
 d - 2 scrolls of teleportation {unknown}
 f - 5 scrolls of identify {unknown}
 g - a scroll of butterflies
 h - a scroll of enchant weapon {unknown}
 p - a scroll of torment {unknown}
 t - 2 scrolls of noise {unknown}
 x - 2 scrolls of poison {unknown}
 y - a scroll of revelation {unknown}
Potions
 e - 2 potions of degeneration {unknown}
 n - 2 potions of curing {unknown}
 q - a potion of ambrosia {unknown}
 r - a potion of heal wounds {unknown}
 s - a potion of mutation {unknown}
 v - a potion of invisibility {unknown}


   Skills:
 * Level 3.8 Fighting
 * Level 2.0 Short Blades
 * Level 6.7 Ranged Weapons
 * Level 4.0 Armour
 * Level 2.5 Dodging
 + Level 1.3 Stealth
 * Level 1.3 Invocations


You had 6 spell levels left.
You didn't know any spells.
Your spell library contained the following spells:

 Spells                   Type           Power      Damage    Failure   Level
 Passage of Golubria      Tloc           0%         N/A       100%        4
 Silence                  Hex/Air        0%         N/A       100%        5
 Lehudib's Crystal Spear  Conj/Erth      0%         10d2      100%        8


Dungeon Overview and Level Annotations

Branches:
Dungeon (6/15)             Temple (1/1) D:5

Altars:
Cheibriados
Elyvilon
Fedhas
Gozag
Hepliaklqana
Nemelex Xobeh
Qazlal
Ru
Vehumet
Wu Jian
Xom
Yredelemnul
Zin


Innate Abilities, Weirdness & Mutations

You cannot be hasted, slowed, berserked, paralysed or teleported.
You can dig through walls and to a lower floor.
You have a pair of large antennae on your head. (SInv)
Your four strong arms can wield two-handed weapons with a shield.


Message History

The orc wizard attacks as it pursues you!
The orc wizard barely misses you.
The gnoll hits you from afar with a +0 spear.
The gnoll hits you with a +0 halberd.
The orc wizard hits you but does no damage. x2
The orc wizard casts a spell at you. The magic dart hits you.
You're too confused to move!
The gnoll hits you but does no damage. The gnoll hits you with a +0 halberd.
The orc wizard points at you and mumbles some strange words.
You resist with significant effort. The orc wizard closely misses you.
The orc wizard hits you but does no damage.
Unknown command.
You miss the orc wizard.
The orc wizard is heavily wounded.
The gnoll hits you but does no damage. The gnoll barely misses you.
The orc wizard hits you but does no damage. x2
Unknown command.
The orc wizard hits you but does no damage.
The gnoll barely misses you. The orc wizard barely misses you.
The orc wizard hits you but does no damage.
The gnoll hits you from afar with a +0 spear.
* * * LOW HITPOINT WARNING * * *
Unknown command.
You completely miss the orc wizard.
The orc wizard is heavily wounded.
The orc wizard hits you but does no damage.
The gnoll barely misses you. The orc wizard barely misses you.
The orc wizard hits you with a +0 dagger.
* * * LOW HITPOINT WARNING * * *
Unknown command.
Unknown command.
You bump into the rock wall.
The gnoll is no longer moving quickly.
The gnoll barely misses you.
The orc wizard points at you and mumbles some strange words.
The puff of flame hits you!
* * * LOW HITPOINT WARNING * * *
The gnoll hits you from afar with a +0 halberd!
You die...
Cheibriados appreciates the motionlessness of death.

#....†...#
#........#
#........#
#........#
#........#
#........#
#........#
#####...>#
#).o@#
#.goo#
#.g.g#
#....#
#....#
......#
.......#
#........#
#........#


You could see a gnoll bouda, 3 orc wizards and 2 gnolls.

Vanquished Creatures
  A black bear (D:5)
  An ice beast (D:5)
  A howler monkey (D:5)
  2 hounds (D:5)
  A jelly (D:4)
  A sleepcap (D:5)
  A gnoll bouda (D:4)
  An iguana (D:5)
  10 gnolls
  11 adders
  3 ribbon worms
  A dart slug (D:1)
  6 orcs (D:4)
  6 endoplasms
  2 giant cockroaches
  8 goblins
  7 hobgoblins
  5 jackals
  3 kobolds (D:1)
  4 quokkas
  9 ball pythons
  7 bats
  4 frilled lizards
  6 rats
101 creatures vanquished.

Notes
Turn   | Place    | Note
-------+----------+-------------------------------------------
     0 | D:1      | Morbidden the Formicid Hunter began the quest for the Orb.
     0 | D:1      | Reached XP level 1. HP: 16/16 MP: 1/1
    76 | D:1      | Reached XP level 2. HP: 22/22 MP: 2/2
   202 | D:1      | Reached XP level 3. HP: 27/27 MP: 3/3
  1036 | D:2      | Reached skill level 5 in Ranged Weapons
  1036 | D:2      | Reached XP level 4. HP: 34/34 MP: 4/4
  1052 | D:2      | Found a faded altar of an unknown god.
  1231 | D:2      | Reached skill level 1 in Armour
  1472 | D:3      | Reached XP level 5. HP: 39/39 MP: 5/5
  2251 | D:4      | Reached skill level 1 in Short Blades
  2281 | D:4      | Found a shimmering altar of Xom.
  2395 | D:4      | Reached XP level 6. HP: 46/46 MP: 6/6
  2421 | D:4      | Reached skill level 6 in Ranged Weapons
  3212 | D:5      | Entered Level 5 of the Dungeon
  3219 | D:5      | Found a staircase to the Ecumenical Temple.
  3245 | Temple   | Entered the Ecumenical Temple
  3260 | Temple   | Became a worshipper of Cheibriados the Contemplative
  3417 | D:5      | Noticed a black bear
  3425 | D:5      | Killed a black bear
  3426 | D:5      | Reached XP level 7. HP: 45/52 MP: 5/7
  3661 | D:5      | Reached skill level 1 in Invocations
  4064 | D:5      | Identified the amulet "Fiatou" {Reflect rPois Will- Regen+
                  | Dex-3 SH+5}
  4224 | D:6      | Reached * piety under Cheibriados
  4275 | D:6      | Slain by a gnoll

Illustrated notes

Levels and vault maps discovered:
D:1:      dpeg_arrival_more_subterranean_lakeside_camping, layout_basic
D:2:      layout_rooms, nicolae_ecumenical_snake_handling
D:3:      layout_basic, minmay_cut_off
D:4:      layout_basic, regret_index_xom_buried_treasure,
          dreamdust_mushroom_princess, kennysheep_generic_room_5
D:5:      layout_cave_pools, minmay_temple_entry_junction
D:6:      layout_gridville, kennysheep_vampire_church,
          gammafunk_temple_overflow_statue, serial_shops, shop, shop,
          nicolae_shop_advertising_works [nicolae_subvault_shop_adworks],
          nicolae_take_the_stairs, shop
Temple:   hc_temple_tempest_star

Skill      XL: |  1  2  3  4  5  6  7 |
---------------+----------------------+-----
Ranged Weapons | 5 6 |  6.7
Armour         | 1 2 4 |  4.0
Dodging        | 2 |  2.5
Short Blades   | 1 2 |  2.0
Fighting       | 3 |  3.8
Invocations    | 1 |  1.3
Stealth        | |  1.3

Action                     |  1- 3 |  4- 6 |  7- 9 || total
---------------------------+-------+-------+-------++-------
  Melee: Dagger            |     4 |    80 |    40 ||   124
   Fire: Shortbow          |    68 |   120 |    55 ||   243
 Armour: Leather armour    |    20 |    10 |       ||    30
         Chain mail        |       |   131 |   117 ||   248
  Dodge: Dodged            |    22 |    69 |    43 ||   134
  Block: Other             |       |       |     1 ||     1

Table legend: (Time is in decaauts)
 A = Elapsed time spent in this place.
 B = Non-inter-level travel time spent in this place.
 C = Inter-level travel time spent in this place.
 D = Time resting spent in this place.
 E = Time spent auto-exploring this place.
 F = Levels seen in this place.
 G = Mean time per level.
                   A        B        C        D        E       F      G
               +--------+--------+--------+--------+--------+-----+--------+
         Total |   4472 |   4339 |    133 |    473 |   3068 |   7 |  638.9 |
       Dungeon |   4438 |   4322 |    116 |    473 |   3068 |   6 |  739.7 |
        Temple |     34 |     17 |     17 |      0 |      0 |   1 |   34.0 |
               +--------+--------+--------+--------+--------+-----+--------+

Top non-repeatable levels by time:
     D:5: 1119 daAuts
     D:4: 1033 daAuts
     D:1: 988 daAuts
     D:3: 830 daAuts
     D:2: 395 daAuts
     D:6: 70 daAuts
  Temple: 34 daAuts
